 Dungeon Crawl Stone Soup version 0.18.1-8-gdd0e5ea (webtiles) character file.

606 Gargoyl the Skirmisher (level 7, -2/55 HPs)
             Began as a Demonspawn Abyssal Knight on May 26, 2016.
             Was a Priest of Lugonu.
             Killed by divine providence
             ... invoked by an orc priest
              (10 damage)
             ... on level 4 of the Dungeon.
             The game lasted 00:09:42 (3657 turns).

Gargoyl the Skirmisher (Demonspawn Abyssal Knight)  Turns: 3657, Time: 00:09:43

Health: -2/55      AC: 10    Str: 15    XL:     7   Next: 19%
Magic:  0/8        EV: 11    Int: 13    God:    Lugonu [***...]
Gold:   149        SH:  5    Dex: 17    Spells: 0 memorised, 6 levels left

rFire  . . .     SeeInvis .     J - +0 war axe
rCold  . . .     Gourm    .     r - +0 scale mail (curse)
rNeg   . . .     Faith    .     (no shield)
rPois  +         Spirit   +     t - +0 helmet
rElec  .         Dismiss  .     f - +1 cloak
rCorr  .         Reflect  +     (no gloves)
SustAt .         Harm     .     (no boots)
MR     .....                    v - +5 amulet of reflection
Stlth  ..........               i - ring of poison resistance
                                D - +5 ring of dexterity

@: not resistant to hostile enchantments, extremely unstealthy
A: claws 1, talons 1, demonic guardian 1, magic shield, magic regeneration
a: Depart the Abyss, Bend Space, Banish, Renounce Religion


You were on level 4 of the Dungeon.
You worshipped Lugonu.
Lugonu was most pleased with you.
You were not hungry.

You visited 1 branch of the dungeon, and saw 4 of its levels.
You visited the Abyss 1 time.

You collected 149 gold pieces.

Inventory:

Hand Weapons
 J - a +0 war axe (weapon)
Missiles
 s - 2 javelins (quivered)
 G - 6 tomahawks
Armour
 f - a +1 cloak (worn)
 r - a cursed +0 scale mail (worn)
 t - a +0 helmet (worn)
Jewellery
 h - a +3 ring of dexterity
 i - a ring of poison resistance (right claw)
 u - an uncursed ring of see invisible
 v - a +5 amulet of reflection (around neck)
 D - a +5 ring of dexterity (left claw)
 M - an uncursed ring of ice
Scrolls
 a - a scroll of recharging {unknown}
 j - 2 scrolls of magic mapping
 n - a scroll of noise {unknown}
 q - 3 scrolls of identify
 w - a scroll of teleportation {unknown}
 x - 2 scrolls of random uselessness {unknown}
 y - a scroll of enchant weapon {unknown}
 z - a scroll of fear {unknown}
 H - 2 scrolls of remove curse {unknown}
 K - a scroll of amnesia {unknown}
Potions
 b - a potion of flight {unknown}
 d - 3 potions of cancellation
 e - a potion of curing {unknown}
 g - a potion of might {unknown}
 k - a potion of magic {unknown}
 o - a potion of berserk rage
 p - a potion of degeneration {unknown}
 A - a potion of brilliance {unknown}
 B - a potion of lignification
 E - a potion of heal wounds {unknown}
 I - a potion of mutation {unknown}
Comestibles
 c - 6 bread rations
 l - 2 fruits
 m - a beef jerky
 C - 3 meat rations
 F - a royal jelly


   Skills:
 + Level 4.5 Fighting
 + Level 3.6 Axes
 * Level 4.5 Armour
 + Level 3.1 Dodging
 + Level 0.4 Stealth
 + Level 2.6 Invocations


You had 6 spell levels left.
You didn't know any spells.

Dungeon Overview and Level Annotations

Branches:
Dungeon (4/15)             Temple (0/1) D:4

Altars:
Fedhas
Gozag
Kikubaaqudgha
Okawaru
Pakellas


Innate Abilities, Weirdness & Mutations

You have sharp fingernails.
You have sharp toenails.
A weak demonic guardian rushes to your aid.
When hurt, damage is shared between your health and your magic reserves.
You regenerate magic rapidly.


Message History

The orc priest invokes the aid of Beogh against you.
Beogh smites you!
* * * LOW HITPOINT WARNING * * *
The orc hits you but does no damage.
Your crimson imp hits the orc.
The jackal barely misses you. Space bends around you!
You blink.
* * * LOW HITPOINT WARNING * * *
You feel slightly more hungry.
Your crimson imp blinks!
Drink which item? (? for menu, Esc to quit)
Okay, then.
Your crimson imp blinks!
Your crimson imp disappears in a puff of smoke!
The jackal bites you but does no damage.
The jackal bites you but does no damage.
All of the chunks of flesh in your inventory have rotted away.
The jackal misses your quasit.
The orc priest mumbles some strange prayers to Beogh against you.
Beogh smites you!
You die...

)......?.#......................)
......()o............#..........#
..⌠...(.o#.##.#.................#
......).o#.##.#......#.........#.
....>..o...##.#......#.....).....
.......O.####..................#.
..⌠...⌠oo### ...#.#......(......
...........#####...#.#.<........#
.........#.#o.h5@....#########..#
#.##.##.##..o#####....... #.##
... #......#####.#####. #)# ...
#####.... ......##.# ##.# ..
###...##.......#..###..# ....
#...............#..#..## .....
#.............#.##...#### .....
#........................ .....
##..)..<.......#.##.######


You could see an orc priest, an orc, a jackal and a friendly quasit.

Vanquished Creatures
  The ghost of Wabnappa the Ducker, an amateur DsGl (D:4)
  An orc warrior (D:4)
  A centaur skeleton (D:4)
  3 orc priests
  An orc wizard (D:4)
  3 worker ants
  A gnoll (D:1)
  5 adders
  3 dart slugs (D:1)
  3 giant geckos
  12 orcs
  A ball python (D:3)
  5 giant cockroaches
  8 goblins
  3 hobgoblins
  11 jackals
  A quokka (D:3)
  9 bats
  A giant gecko skeleton (D:4)
  2 giant newts
  9 kobolds
  5 rats
89 creatures vanquished.

Vanquished Creatures (collateral kills)
  An orc priest (D:3)
  An orc wizard (D:4)
  3 orcs (D:4)
5 creatures vanquished.

Grand Total: 94 creatures vanquished

Notes
Turn   | Place    | Note
--------------------------------------------------------------
     0 | Abyss:1  | Gargoyl the Demonspawn Abyssal Knight began the quest for the Orb.
     0 | Abyss:1  | Reached XP level 1. HP: 18/18 MP: 2/2
    16 | Abyss:1  | Found a shimmering altar of Xom.
   114 | Abyss:2  | Noticed a small abomination
   123 | Abyss:3  | Found a corrupted altar of Lugonu.
   137 | Abyss:3  | Noticed a wraith
   137 | D:1      | Escaped the Abyss
   233 | D:1      | Reached * piety under Lugonu
   233 | D:1      | Gained mutation: When hurt, damage is shared between your health and your magic reserves. [demonic ancestry]
   233 | D:1      | Reached XP level 2. HP: 22/24 MP: 3/3
   310 | D:1      | Reached skill level 1 in Dodging
   586 | D:1      | Gained mutation: You have sharp toenails. [demonic ancestry]
   586 | D:1      | Reached XP level 3. HP: 28/29 MP: 2/4
  1521 | D:2      | Found an opulent altar of Gozag.
  1800 | D:2      | Reached ** piety under Lugonu
  2171 | D:3      | Gained mutation: A weak demonic guardian rushes to your aid. [demonic ancestry]
  2171 | D:3      | Reached XP level 4. HP: 37/37 MP: 5/5
  2623 | D:3      | Reached XP level 5. HP: 37/42 MP: 6/6
  2781 | D:3      | Found a blossoming altar of Fedhas.
  2785 | D:3      | Found an ancient bone altar of Kikubaaqudgha.
  2959 | D:4      | Reached *** piety under Lugonu
  3024 | D:4      | Noticed an orc warrior
  3026 | D:4      | Noticed Wabnappa's ghost (amateur DsGl)
  3041 | D:4      | Killed an orc warrior
  3041 | D:4      | Gained mutation: You regenerate magic rapidly. [demonic ancestry]
  3041 | D:4      | Reached XP level 6. HP: 26/48 MP: 7/7
  3052 | D:4      | HP: 1/49 [Wabnappa's ghost (9)]
  3063 | D:4      | Killed Wabnappa's ghost
  3519 | D:4      | Gained mutation: You have sharp fingernails. [demonic ancestry]
  3519 | D:4      | Reached XP level 7. HP: 52/55 MP: 6/8
  3567 | D:4      | Found an iron altar of Okawaru.
  3574 | D:4      | Found an oddly glowing altar of Pakellas.
  3625 | D:4      | Found a staircase to the Ecumenical Temple.
  3657 | D:4      | Killed from afar by an orc priest

Skill      XL: |  1  2  3  4  5  6 |
---------------+-------------------+-----
Axes           | 2 3 |  3.6
Armour         | 2 3 4 |  4.5
Dodging        | 1 2 3 |  3.1
Fighting       | 4 |  4.5
Stealth        | |  0.4
Invocations    | |  2.6

Action                   |  1- 3 |  4- 6 |  7- 9 || total
-------------------------+-------+-------+-------++-------
Melee: Hand axe          |   155 |    86 |       ||   241
       Kick              |    24 |    32 |     4 ||    60
       War axe           |       |    52 |    28 ||    80
Throw: Javelin           |       |       |     1 ||     1
Invok: Depart the Abyss  |     1 |       |       ||     1
       Bend Space        |       |       |     1 ||     1
  Use: Scroll            |     2 |     2 |     1 ||     5
       Potion            |       |     3 |       ||     3
  Eat: Chunk             |     4 |     6 |       ||    10
Armor: Leather armour    |    29 |       |       ||    29
       Scale mail        |    65 |    58 |    18 ||   141
       Skin              |       |     6 |       ||     6
Dodge: Dodged            |   103 |    77 |    24 ||   204
Block: Other             |     5 |    29 |     9 ||    43
       Reflection        |       |     2 |       ||     2
